 Dungeon Crawl Stone Soup version 0.30.0-5-g1a98f26d00 (webtiles) character file.

Game seed: 14087666900456687439

27 SnakkuSnakku7 the Changer (level 2, 0/24 HPs)
             Began as a Deep Elf Transmuter on May 10, 2023.
             Slain by a quokka (2 damage)
             ... on level 2 of the Dungeon.
             The game lasted 00:01:02 (519 turns).

SnakkuSnakku7 the Changer (Deep Elf Transmuter)      Turns: 519, Time: 00:01:03

Health: 0/24       AC:  2    Str:  7    XL:     2   Next: 93%
Magic:  7/8        EV: 12    Int: 17    God:
Gold:   17         SH:  0    Dex: 15    Spells: 6/7 levels left

rFire   . .          .
                       - Unarmed
rCold   . . .        (no shield)
rNeg    . . .        a - +0 robe
rPois   .            (helmet currently unavailable)
rElec   .            (no cloak)
rCorr   .            (no gloves)
SInv    .            (boots currently unavailable)
Will    .....        (no amulet) Stlth
                     (no ring)
HPRegen 0.24/turn    (no ring)
MPRegen 0.11/turn

%: no passive effects
@: berserking, lethally poisoned (0 -> -3), appendages, very quick
A: horns 2, talons 2
a: End Transformation


You were on level 2 of the Dungeon.
You had temporarily grown beastly horns and talons.
You visited 1 branch of the dungeon, and saw 2 of its levels.

You collected 29 gold pieces.
You spent 12 gold pieces at shops.

Inventory:

Missiles
 h - 6 poisoned darts
Armour
 a - a +0 robe (worn)
 c - a +0 ring mail
Potions
 b - a potion of lignification
 e - a potion of heal wounds {unknown}
 f - a potion of magic {unknown}
 g - a potion of might {unknown}


   Skills:
 - Level 0.7 Fighting
 - Level 2.4 Dodging
 + Level 3.0 Unarmed Combat
 - Level 3.0 Spellcasting
 + Level 3.1 Transmutations


You had 6 spell levels left.
You knew the following spells:

 Your Spells              Type           Power      Damage    Failure   Level
a - Beastly Appendage     Tmut           26%        N/A       4%          1

Your spell library contained the following spells:

 Spells                   Type           Power      Damage    Failure   Level
 Wereblood                Tmut           13%        N/A       8%          2
 Spider Form              Tmut/Pois      7%         N/A       28%         3
 Ice Form                 Ice/Tmut       7%         N/A       67%         4


Dungeon Overview and Level Annotations

Branches:
Dungeon (2/15)

Altars:

Shops:
D:1 !


Innate Abilities, Weirdness & Mutations

You have temporarily grown beastly horns and talons.


Message History

Found 5 gold pieces.
An adder comes into view.
You see here 6 poisoned darts.
h - 6 poisoned darts The adder bites you.
The quokka closely misses you. The quokka barely misses you.
The adder attacks as you move away! The adder barely misses you.
The quokka barely misses you. The adder bites you.
You are poisoned.
The adder poisons you!
Casting: Beastly Appendage (safe; 5% risk of failure)
Confirm with . or Enter, or press ? or * to list all spells.
You grow a pair of large bovine horns.
Your feet morph into talons.
You feel sick. The adder bites you.
You are lethally poisoned!
The adder poisons you!
You hit the adder but do no damage. You claw the adder.
The adder is moderately wounded.
You feel sick. The adder closely misses you.
You miss the adder. You claw the adder.
The adder is heavily wounded.
* * * LOW HITPOINT WARNING * * *
You feel sick. The adder bites you but does no damage.
It was a potion of berserk rage.
A red film seems to cover your vision as you go berserk!
You feel yourself moving faster!
You feel mighty!
* * * LOW HITPOINT WARNING * * *
You feel sick. The adder closely misses you. x2
You are too berserk!
Unknown command.
You hit the adder. You headbutt the adder.
You kill the adder!
* * * LOW HITPOINT WARNING * * *
You feel sick.
Your Unarmed Combat skill increases to level 3!
Your Transmutations skill increases to level 3!
* * * LOW HITPOINT WARNING * * *
You feel sick. The quokka bites you.
You die...

# # ######### #######
#........ ......# #.##
#####.# #r.##
#...#.##########@#.## #
#....†........###.##
..........####...###.##
#.#####..........# ##.#
# #..#####...###.##
#..# ##.###.## #..#
##.#.r## #..# #....#
#..# #...#.....#


You could see a quokka.

Vanquished Creatures
  An adder (D:2)
  A dart slug (D:1)
  5 bats (D:1)
  A giant cockroach (D:1)
  2 goblins (D:1)
  A quokka (D:1)
  A ball python (D:2)
  4 kobolds (D:1)
  A rat (D:1)
17 creatures vanquished.

Notes
Turn   | Place    | Note
-------+----------+-------------------------------------------
     0 | D:1      | SnakkuSnakku7 the Deep Elf Transmuter began the quest for
                  | the Orb.
     0 | D:1      | Reached XP level 1. HP: 11/11 MP: 6/6
    85 | D:1      | Reached XP level 2. HP: 11/16 MP: 8/8
   220 | D:1      | Found Usamoev's Distillery.
   237 | D:1      | Bought a potion of degeneration for 12 gold pieces
   519 | D:2      | Slain by a quokka

Illustrated notes

Levels and vault maps discovered:
D:1:      lemuel_arrival_hallway, layout_rooms, serial_shops, shop
D:2:      minmay_wonky_spiral, layout_loops_ring,
          hellmonk_ecumenical_altar_watching_god, basic_altar,
          nicolae_half_adder, uniq_robin

Skill      XL: |  1  2 |
---------------+-------+-----
Unarmed Combat | 3 |  3.0
Transmutations | 3 |  3.1
Fighting       | |  0.7
Dodging        | |  2.4
Spellcasting   | |  3.0

Action                     || total
---------------------------++-------
  Melee: Unarmed           ||    46
         Kick              ||    13
         Headbutt          ||     8
         Punch             ||     1
   Cast: Beastly Appendage ||     9
    Use: Potion            ||     1
 Armour: Robe              ||    14
  Dodge: Dodged            ||    43
